 Dungeon Crawl Stone Soup version 0.30.0-11-gf55b779eaf (webtiles) character file.

Game seed: 17485572874885150635

581 Firecrotchwizard the Cleaver (level 7, -1/62 HPs)
             Began as a Hill Orc Monk on May 17, 2023.
             Slain by a gnoll
             ... wielding a +0 halberd
             ... led by a gnoll bouda
              (6 damage)
             ... on level 5 of the Dungeon.
             The game lasted 00:06:45 (3488 turns).

Firecrotchwizard the Cleaver (Hill Orc Monk)        Turns: 3488, Time: 00:06:46

Health: -1/62      AC:  9    Str: 16    XL:     7   Next: 36%
Magic:  7/7        EV: 11    Int: 10    God:
Gold:   197        SH:  0    Dex: 13    Spells: 6/6 levels left

rFire   . . .        a - +0 hand axe (heavy)
rCold   + + .        d - orb {light}
rNeg    . . .        z - +0 ring mail
rPois   +            l - +0 helmet
rElec   +            (no cloak)
rCorr   .            (no gloves)
SInv    .            y - +1 pair of boots of Irpham {Contam rElec rPois rC++}
Will    .....        (no amulet)
Stlth   +            (no ring)
HPRegen 0.30/turn    (no ring)
MPRegen 0.10/turn

%: no passive effects
@: glowing
A: no striking features
a: no special abilities


You were on level 5 of the Dungeon.
You visited 1 branch of the dungeon, and saw 5 of its levels.
You also visited: Sewer.

You collected 197 gold pieces.

Inventory:

Hand Weapons
 a - a +0 heavy hand axe (weapon)
 s - a +4 dagger of flaming
 u - a +3 whip
Missiles
 e - 3 throwing nets (quivered) {@!f}
 m - 11 poisoned darts
Armour
 b - a +0 robe
 d - an orb of light (worn)
 l - a +0 helmet (worn)
 q - a +0 chain mail
 y - the +1 pair of boots of Irpham (worn) {Contam rElec rPois rC++}
   (You found it on level 4 of the Dungeon)

   rC:        It greatly protects you from cold.
   rElec:     It insulates you from electricity.
   rPois:     It protects you from poison.
   Contam:    It causes magical contamination when unequipped.
 z - a +0 ring mail (worn)
Jewellery
 g - a ring of see invisible
Wands
 w - a wand of light (6)
 B - a wand of roots (13)
Scrolls
 i - 3 scrolls of identify
 r - 4 scrolls of magic mapping
 t - 2 scrolls of teleportation
Potions
 c - a potion of ambrosia
 f - a potion of resistance {unknown}
 h - a potion of lignification {unknown}
 j - 6 potions of curing
 x - a potion of brilliance {unknown}
 A - a potion of heal wounds {unknown}


   Skills:
 + Level 5.8 Fighting
 * Level 8.2 Axes
 + Level 3.9 Armour
 - Level 2.4 Dodging


You had 6 spell levels left.
You didn't know any spells.
Your spell library contained the following spells:

 Spells                   Type           Power      Damage    Failure   Level
 Freeze                   Ice            0%         1d3       56%         1
 Sting                    Tmut/Pois      0%         1d3       56%         1
 Blink                    Tloc           0%         N/A       71%         2
 Lesser Beckoning         Tloc           0%         N/A       71%         2
 Momentum Strike          Conj/Tloc      0%         3d8       71%         2
 Poisonous Vapours        Pois/Air       0%         N/A       71%         2
 Frozen Ramparts          Ice            0%         1d1       90%         3
 Hailstorm                Conj/Ice       0%         3d3       90%         3
 Olgreb's Toxic Radiance  Pois           0%         N/A       100%        4


Dungeon Overview and Level Annotations

Branches:
Dungeon (5/15)              Sewer (visited)
 Temple: D:4-7

Altars:
Cheibriados
Kikubaaqudgha
Nemelex Xobeh
Qazlal
Trog


Message History

Unknown command.
Things that are here:
a +0 halberd; a gnoll corpse You start resting.
HP restored.
There is an ancient bone altar of Kikubaaqudgha here.
You open the door.
An adder comes into view.
The adder hisses angrily.
The adder bites you.
There is an open door here.
You hit the adder.
The adder is moderately wounded.
The adder bites you. The adder bites you but does no damage.
You slash the adder!
You kill the adder!
No target in view!
You see here an adder corpse.
r - 4 scrolls of magic mapping (gained 1)
An adder comes into view.
The adder hisses angrily.
You see here a scroll of teleportation.
You barely miss the adder. The adder bites you. The adder closely misses you.
You slash the adder!
You kill the adder!
No target in view!
t - 2 scrolls of teleportation (gained 1)
An iguana comes into view.
You slash the iguana!
The iguana is heavily wounded.
The iguana barely misses you. x2
You slash the iguana!
You kill the iguana!
Your Axes skill increases to level 8!
No target in view!
As you open the door, it creaks loudly!
Found a sparkling altar of Nemelex Xobeh.
Found an escape hatch in the floor.
There is an escape hatch in the floor here.
Found a stone staircase leading up.
You now have 197 gold pieces (gained 13).
A gnoll bouda comes into view.
It is wielding a +1 whip of electrocution.
The gnoll bouda shouts!
You hear a shout!
The gnoll bouda barks out a call to the hunt!
A gnoll comes into view. It is wielding a +0 club.
A dart slug comes into view. 2 gnolls come into view.
Found a scroll of fog and 10 gold pieces.
The gnoll shouts! x3
A gnoll comes into view. It is wielding a +0 halberd.
Found a scroll of identify.
The gnoll shouts!
The gnoll closely misses you. The gnoll misses you.
You slash the gnoll bouda!
The gnoll bouda is severely wounded.
You hit the gnoll. x2; The gnoll hits you with a +0 club.
The gnoll hits you from afar with a +0 halberd.
The gnoll bouda barely misses you. The gnoll barely misses you.
The gnoll hits you with a +0 club. The gnoll closely misses you.
The gnoll hits you with a +0 club.
The gnoll bouda hits you with a +1 whip of electrocution!
You hit the gnoll bouda.
The gnoll bouda is almost dead.
You slash the gnoll!
You kill the gnoll!
You completely miss the gnoll. You hit the dart slug.
The gnoll closely misses you.
The gnoll hits you from afar with a +0 halberd!
The dart slug bites you but does no damage.
The gnoll bouda closely misses you. The gnoll misses you.
You hit the gnoll bouda.
You kill the gnoll bouda!
You hit the gnoll. You slash the dart slug! You barely miss the bat.
The bat barely misses you. The gnoll hits you with a +0 club.
The gnoll barely misses you. x2
The dart slug launches a dart at you.
The slug dart hits you but does no damage.
The gnoll barely misses you.
You hit the dart slug.
You kill the dart slug!
You hit the gnoll. The bat hits you but does no damage.
The gnoll hits you from afar with a +0 halberd.
* * * LOW HITPOINT WARNING * * *
The bat hits you but does no damage.
The gnoll hits you from afar with a +0 halberd.
* * * LOW HITPOINT WARNING * * *
The gnoll hits you but does no damage. The gnoll misses you.
The bat attacks as you move away! The bat hits you but does no damage. x2
The gnoll closely misses you. The gnoll hits you with a +0 club.
* * * LOW HITPOINT WARNING * * *
The gnoll hits you with a +0 halberd.
* * * LOW HITPOINT WARNING * * *
You barely miss the gnoll. You slash the gnoll!
You hit the gnoll but do no damage. The bat barely misses you.
The gnoll hits you with a +0 halberd!
* * * LOW HITPOINT WARNING * * *
The bat hits you but does no damage. The gnoll hits you with a +0 club.
* * * LOW HITPOINT WARNING * * *
The gnoll hits you with a +0 halberd.
You die...

*,,,*,,**,,,*** #..#####..#
*,*,,,,,,,,,,,*****,,* #..#
**,**,*,......,,,,,*,,* #..(
*,,,,,**,...?$,***,*,,****#..#
*,*,*****#...#** *,*,,*,....##
*,,,****##...####*,#,,#.###.#≈
**,,,,,,,....,..##.#.,*,* #.#≈
*,,******#.##g......,*,* #.#≈
*..#######.g@g......,*,**#.#≈
*..........b)....###,,,,,..#≈
*....!...#.......# *,*,****##
*#.#####.#####.#.#**,*>* #.#
#.####.#.?..,,*,* #### #.#
#.....#*#...#*#.###... #.#
##.##<#.#,#### #.......
#.####...#.##.** #####.##
#...>.........# #.#


You could see 3 gnolls and a bat.

Vanquished Creatures
  An ogre (D:4)
  Blork the orc (D:4)
  A scorpion (D:5)
  A hound (D:4)
  A jelly (D:4)
  A gnoll bouda (D:5)
  An iguana (D:5)
  Ijyb (D:4)
  4 gnolls (D:5)
  8 adders
  A shadow imp (D:5)
  An ufetubus (D:4)
  3 worms
  5 dart slugs
  7 orcs
  7 ball pythons
  5 bats
  4 endoplasms
  2 giant cockroaches
  7 goblins
  10 hobgoblins
  7 kobolds
  4 quokkas
  4 frilled lizards
  4 rats
91 creatures vanquished.

Notes
Turn   | Place    | Note
-------+----------+-------------------------------------------
     0 | D:1      | Firecrotchwizard the Hill Orc Monk began the quest for the
                  | Orb.
     0 | D:1      | Reached XP level 1. HP: 19/19 MP: 1/1
   116 | D:1      | Reached XP level 2. HP: 19/27 MP: 2/2
   243 | D:1      | Reached skill level 1 in Armour
   360 | D:1      | Reached XP level 3. HP: 33/33 MP: 3/3
   383 | D:1      | Found a faded altar of an unknown god.
   747 | D:1      | Reached skill level 5 in Axes
  1048 | D:3      | Found a bloodstained altar of Trog.
  1366 | D:3      | Reached XP level 4. HP: 39/40 MP: 4/4
  1538 | D:3      | Found a glowing drain.
  1597 | Sewer    | Entered a sewer
  1607 | Sewer    | Noticed a kobold brigand
  1828 | D:4      | Noticed Ijyb
  1848 | D:4      | Killed Ijyb
  1944 | D:4      | Identified the +1 pair of boots of Irpham {Contam rElec
                  | rPois rC++}
  2100 | D:4      | Reached skill level 6 in Axes
  2100 | D:4      | Reached XP level 5. HP: 42/47 MP: 5/5
  2360 | D:4      | Found a snail-covered altar of Cheibriados.
  2390 | D:4      | Noticed an ogre
  2397 | D:4      | Killed an ogre
  2398 | D:4      | Reached skill level 5 in Fighting
  2398 | D:4      | Reached XP level 6. HP: 56/56 MP: 6/6
  2482 | D:4      | Reached skill level 7 in Axes
  2497 | D:4      | Noticed Blork the orc
  2514 | D:4      | Killed Blork the orc
  2561 | D:4      | Found a stormy altar of Qazlal.
  2778 | D:5      | Entered Level 5 of the Dungeon
  2991 | D:5      | Reached XP level 7. HP: 52/61 MP: 7/7
  3155 | D:5      | Found an ancient bone altar of Kikubaaqudgha.
  3375 | D:5      | Reached skill level 8 in Axes
  3414 | D:5      | Found a sparkling altar of Nemelex Xobeh.
  3488 | D:5      | Slain by a gnoll

Illustrated notes

Levels and vault maps discovered:
D:1:      eino_arrival_water_star, layout_loops_cross,
          dreamdust_ecumenical_altar_statues
D:2:      layout_basic, minmay_tetromino_o2
D:3:      layout_rooms, mainiacjoe_overflow_concentric_impassable,
          cheibrodos_sewer_entry_drain
D:4:      layout_loops_ring, lemuel_tele_altar, lemuel_doored_altar,
          minmay_fractal_squares_gapless_5, uniq_blork_the_orc, uniq_ijyb
D:5:      layout_loops_ring, kennysheep_mini_moat, kennysheep_little_box,
          minmay_misc_feat_tiny, uniq_edmund

Skill      XL: |  1  2  3  4  5  6  7 |
---------------+----------------------+-----
Armour         | 1 2 3 |  3.9
Fighting       | 4 5 |  5.8
Axes           | 5 6 7 8 |  8.2
Dodging        | |  2.4

Action                     |  1- 3 |  4- 6 |  7- 9 || total
---------------------------+-------+-------+-------++-------
  Melee: Hand axe          |   142 |   142 |    33 ||   317
  Throw: Dart              |       |     3 |       ||     3
  Evoke: Wand              |       |     1 |       ||     1
    Use: Scroll            |       |    11 |       ||    11
 Armour: Robe              |    33 |     9 |       ||    42
         Ring mail         |       |    36 |    14 ||    50
  Dodge: Dodged            |    85 |    72 |    34 ||   191
